 Dungeon Crawl Stone Soup version 0.31-a0-360-gb3e1d13bf4 (webtiles) character file.

Game seed: 16863181292190311733

60 hashsling the Shield-Bearer (level 4, -1/29 HPs)
             Began as a Gargoyle Fighter on July 26, 2023.
             Slain by an orc
             ... wielding a +0 trident
              (4 damage)
             ... on level 3 of the Dungeon.
             The game lasted 00:03:47 (1200 turns).

hashsling the Shield-Bearer (Gargoyle Fighter)      Turns: 1200, Time: 00:03:49

Health: -1/29      AC: 10    Str: 21    XL:     4   Next: 4%
Magic:  4/4        EV:  9    Int:  9    God:
Gold:   168        SH:  4    Dex:  9    Spells: 3/3 levels left

rFire   . . .        a - +0 flail
rCold   . . .        c - +0 buckler
rNeg    + . .        b - +0 scale mail
rPois   ∞            (no helmet)
rElec   +            (no cloak)
rCorr   .            (no gloves)
SInv    .            (no boots)
Will    .....        (no amulet) Stlth
                     (no ring)
HPRegen 0.24/turn    (no ring)
MPRegen 0.09/turn

%: no passive effects
@: no status effects
A: sickness immunity, AC +3, negative energy resistance 1, electricity
resistance, torment resistance 1, petrification resistance
a: no special abilities


You were on level 3 of the Dungeon.
You visited 1 branch of the dungeon, and saw 3 of its levels.

You collected 168 gold pieces.

Inventory:

Hand Weapons
 a - a +0 flail (weapon)
Missiles
 g - 2 poisoned darts
Armour
 b - a +0 scale mail (worn)
 c - a +0 buckler (worn)
Scrolls
 h - 4 scrolls of blinking {unknown}
 i - a scroll of amnesia {unknown}
 l - a scroll of teleportation {unknown}
Potions
 d - a potion of might
 e - a potion of mutation {unknown}
 f - a potion of brilliance {unknown}
 j - a potion of ambrosia {unknown}
 k - a potion of invisibility {unknown}


   Skills:
 + Level 3.7 Fighting
 * Level 3.0 Maces & Flails
 + Level 3.7 Armour
 + Level 3.7 Shields


You had 3 spell levels left.
You didn't know any spells.
Your spell library contained the following spells:

 Spells                   Type           Power      Damage    Failure   Level
 Sting                    Tmut/Pois      0%         1d3       80%         1
 Poisonous Vapours        Pois/Air       0%         N/A       90%         2
 Olgreb's Toxic Radiance  Pois           0%         N/A       100%        4


Dungeon Overview and Level Annotations

Branches:
Dungeon (3/15)

Altars:


Innate Abilities, Weirdness & Mutations

You are immune to sickness and miasma.
Your stone body is resilient. (AC +3)
You are immune to poison.
You resist negative energy. (rN+)
You are resistant to electric shocks. (rElec)
You are resistant to unholy torment.
You are immune to petrification.


Message History

You block the ball python's attack. The ball python constricts you.
The adder closely misses you. The hound bites you but does no damage.
You sock the ball python!
You kill the ball python!
You block the adder's attack. The hound closely misses you.
The adder bites you but does no damage. The orc closely misses you.
The adder barely misses you. The hound bites you. The adder misses you.
You barely miss the adder.
The adder is severely wounded.
The adder barely misses you. You block the hound's attack.
You block the adder's attack. The orc closely misses you.
The adder barely misses you.
You hit the adder.
You kill the adder!
The hound barely misses you.
The orc hits you from afar with a +0 trident.
The hound bites you but does no damage. You block the adder's attack.
Your Maces & Flails skill increases to level 3!
You have reached level 4!
You feel clever.
You closely miss the goblin. You block the hound's attack.
The adder completely misses you. The orc closely misses you.
The hound bites you. The goblin hits you but does no damage.
You block the adder's attack.
The orc hits you from afar with a +0 trident.
* * * LOW HITPOINT WARNING * * *
You closely miss the goblin. The hound bites you.
* * * LOW HITPOINT WARNING * * *
The adder completely misses you. The goblin hits you but does no damage.
The hound bites you but does no damage.
The orc hits you from afar with a +0 trident.
* * * LOW HITPOINT WARNING * * *
You block the adder's attack. The goblin hits you but does no damage.
You sock the goblin!
You kill the goblin!
You hear a splash.
The hound bites you.
* * * LOW HITPOINT WARNING * * *
The orc hits you from afar with a +0 trident.
You die...

###~..### #...# ...
##≈≈≈....## #...# #..
#≈≈≈~~~...####...###..
#≈≈≈≈~............##..
#≈≈≈≈~.........#.K.#..
#≈≈≈~~~.......##:#.#..
#≈≈≈~≈~o..####.#...#.#
#≈≈≈ShK.## #.###.SS.
###≈@)### #.. #..K.
##### ......###
......#?. .......#.#
........K# #........<
#....?..#. ......##K
...... ..


You could see a hound, an adder, an orc and a kobold.

Vanquished Creatures
  An adder (D:3)
  2 dart slugs (D:2)
  An orc (D:3)
  4 bats
  2 endoplasms (D:1)
  3 giant cockroaches (D:1)
  5 hobgoblins
  8 jackals (D:1)
  4 kobolds
  2 quokkas
  3 ball pythons
  2 frilled lizards
  2 goblins
  4 rats
43 creatures vanquished.

Notes
Turn   | Place    | Note
-------+----------+-------------------------------------------
     0 | D:1      | hashsling the Gargoyle Fighter began the quest for the Orb.
     0 | D:1      | Reached XP level 1. HP: 14/14 MP: 1/1
    52 | D:1      | Reached XP level 2. HP: 11/19 MP: 2/2
   259 | D:1      | Reached XP level 3. HP: 9/23 MP: 3/3
  1198 | D:3      | Reached XP level 4. HP: 13/29 MP: 4/4
  1200 | D:3      | Slain by an orc

Illustrated notes

Levels and vault maps discovered:
D:1:      erik_arrival_orb_chamber, layout_rooms, minivault_24
D:2:      layout_loops_cross
D:3:      kennysheep_goblin_castle, layout_rooms,
          nicolae_ecumenical_snake_handling, minmay_misc_feat_columns,
          minivault_14, nicolae_underground_beach

Skill      XL: |  1  2  3 |
---------------+----------+-----
Maces & Flails | 3 |  3.0
Fighting       | |  3.7
Armour         | |  3.7
Shields        | |  3.7

Action                     |  1- 3 |  4- 6 || total
---------------------------+-------+-------++-------
  Melee: Flail             |   137 |     3 ||   140
 Armour: Scale mail        |    93 |     4 ||    97
  Dodge: Dodged            |    99 |     3 ||   102
  Block: Buckler           |    45 |     3 ||    48

Table legend: (Time is in decaauts)
 A = Elapsed time spent in this place.
 B = Non-inter-level travel time spent in this place.
 C = Inter-level travel time spent in this place.
 D = Time resting spent in this place.
 E = Time spent auto-exploring this place.
 F = Levels seen in this place.
 G = Mean time per level.
                   A        B        C        D        E       F      G
               +--------+--------+--------+--------+--------+-----+--------+
         Total |   1243 |   1212 |     31 |      0 |    871 |   3 |  414.3 |
       Dungeon |   1243 |   1212 |     31 |      0 |    871 |   3 |  414.3 |
               +--------+--------+--------+--------+--------+-----+--------+

Top non-repeatable levels by time:
     D:1: 617 daAuts
     D:2: 583 daAuts
     D:3: 43 daAuts
